 Dungeon Sprint DCSS version 0.30-a0-949-g53dc5368d7 (webtiles) character file.

Game seed: 361201210612562877

900000 retardedninja the Executioner (level 12, -11/112 HPs)
             Began as a Hill Orc Gladiator on Mar 27, 2023.
             Mangled by a bag of meat
             ... wielding a +9 war axe
              (35 damage)
             ... in the Dungeon (Sprint VIII: "Arena of Blood").
             The game lasted 00:00:25 (9 turns).

retardedninja the Executioner (Hill Orc Gladiator)     Turns: 9, Time: 00:00:25

Health: -11/112    AC:  4    Str: 22    XL:     12   Next: 8%
Magic:  12/12      EV: 18    Int:  8    God:
Gold:   0          SH:  0    Dex: 12    Spells: 11/11 levels left

rFire   . . .      SeeInvis .    l - +∞ Axe of Woe
rCold   . . .      Faith    .    (shield currently unavailable)
rNeg    . . .      Spirit   .    b - +0 leather armour
rPois   .          Reflect  .    c - +0 helmet
rElec   .          Rampage  .    (no cloak)
rCorr   .          NoTele   +    (no gloves)
Will    .....                    (no boots)
Stlth   +                        (no amulet)
HPRegen 0.38/turn                (no ring)
MPRegen 0.13/turn                (no ring)

@: no status effects
A: no striking features
a: no special abilities


You were in the Dungeon.
You visited 1 branch

Inventory:

Hand Weapons
 a - a +0 war axe
 l - the +∞ Axe of Woe (weapon)
   (You found it in the Dungeon)
Missiles
 d - 3 throwing nets (quivered)
 e - a javelin
Armour
 b - a +0 leather armour (worn)
 c - a +0 helmet (worn)
Scrolls
 k - a scroll of blinking
Potions
 f - a potion of curing
 g - a potion of heal wounds
 h - a potion of haste
 i - 2 potions of magic
 j - a potion of berserk rage


   Skills:
 + Level 12.2 Fighting
 + Level 24.0 Axes
 + Level 9.2 Throwing
 + Level 16.0 Dodging


You had 11 spell levels left.
You didn't know any spells.
Your spell library was empty.

Dungeon Overview and Level Annotations

Branches:
Dungeon (1/1)

Altars:
Makhleb


Message History

Your Dodging skill gained 12 levels and is now at level 14!
You have reached level 2!
You have reached level 3!
Your experience leads to an increase in your attributes!
Increase (S)trength, (I)ntelligence, or (D)exterity?
You feel stronger. x2
You have reached level 4!
You have reached level 5!
You feel stronger.
You have reached level 6!
You have reached level 7!
You have reached level 8!
You have reached level 9!
Your experience leads to an increase in your attributes!
Increase (S)trength, (I)ntelligence, or (D)exterity?
You feel stronger. x2
You have reached level 10!
You feel stronger.
You have reached level 11!
Unknown command.
You slice the bag of meat!!
You dissect the bag of meat like a pig carcass.
You kill the bag of meat!
The bag of meat appears out of thin air!
A bag of meat comes into view. It is wielding a +9 war axe.
The bag of meat shouts!
You hear a shout! x7
A bag of meat comes into view. It is wielding a +9 war axe.
You hear a shout!
A bag of meat comes into view. It is wielding a +9 war axe.
Your Fighting skill gained 2 levels and is now at level 12!
Your Axes skill gained 3 levels and is now at level 24!
Your Throwing skill gained 2 levels and is now at level 9!
Your Dodging skill gained 2 levels and is now at level 16!
You have reached level 12!
Unknown command.
The bag of meat shouts!
You hear a shout! x4
A meat berserker comes into view. It is wielding a +9 battleaxe.
You hear a shout! x5
The bag of meat hits you with a +9 war axe!!
You die...

.........#.#...o
.o...........oo.
................
#...............
...........o....
...............
#....)..# ..
#.o@.)..#
...###.......###.
........###......
#.....o.._.......
......#.....#....
......#_.<._#....
....O #.....# ...
#........_.......
........###......


You could see a meat berserker (berserk) and 6 bags of meat.

Vanquished Creatures
  2 orcs (D)
2 creatures vanquished.

Notes
Turn   | Place    | Note
-------+----------+-------------------------------------------
     0 | D        | Found the +∞ Axe of Woe
     0 | D        | retardedninja the Hill Orc Gladiator began the quest for
                  | the Orb.
     0 | D        | Reached XP level 1. HP: 18/18 MP: 1/1
     4 | D        | Noticed a bag of meat
     4 | D        | Noticed a bag of meat
     4 | D        | Noticed a bag of meat
     6 | D        | Noticed a bag of meat
     7 | D        | Killed a bag of meat
     7 | D        | Noticed a bag of meat
     7 | D        | Noticed a bag of meat
     8 | D        | Reached skill level 10 in Fighting
     8 | D        | Reached skill level 21 in Axes
     8 | D        | Reached XP level 2. HP: 8/39 MP: 2/2
     8 | D        | Reached XP level 3. HP: 9/46 MP: 3/3
     8 | D        | Reached XP level 4. HP: 11/53 MP: 4/4
     8 | D        | Reached XP level 5. HP: 12/59 MP: 5/5
     8 | D        | Reached XP level 6. HP: 14/67 MP: 6/6
     8 | D        | Reached XP level 7. HP: 15/73 MP: 7/7
     8 | D        | Reached XP level 8. HP: 17/81 MP: 8/8
     8 | D        | Reached XP level 9. HP: 18/86 MP: 9/9
     8 | D        | Reached XP level 10. HP: 20/94 MP: 10/10
     8 | D        | Reached XP level 11. HP: 21/101 MP: 11/11
     8 | D        | Killed a bag of meat
     8 | D        | Noticed a bag of meat
     8 | D        | Noticed a bag of meat
     8 | D        | Noticed a bag of meat
     9 | D        | Reached skill level 24 in Axes
     9 | D        | Reached XP level 12. HP: 24/112 MP: 12/12
     9 | D        | Noticed a meat berserker
     9 | D        | Mangled by a bag of meat

Illustrated notes

Levels and vault maps discovered:
D:        meatsprint

Skill      XL: |  1  2  3  4  5  6  7  8  9 10 11 |
---------------+----------------------------------+-----
Fighting       | 10 12 | 12.2
Axes           | 21 24 | 24.0
Throwing       | 7 9 |  9.2
Dodging        | 14 16 | 16.0

Action                     |  1- 3 |  4- 6 |  7- 9 | 10-12 || total
---------------------------+-------+-------+-------+-------++-------
  Melee: Executioner's axe |     1 |       |       |     1 ||     2

Table legend: (Time is in decaauts)
 A = Elapsed time spent in this place.
 B = Non-inter-level travel time spent in this place.
 C = Inter-level travel time spent in this place.
 D = Time resting spent in this place.
 E = Time spent auto-exploring this place.
 F = Levels seen in this place.
 G = Mean time per level.
                   A        B        C        D        E       F      G
               +--------+--------+--------+--------+--------+-----+--------+
         Total |      9 |      9 |      0 |      0 |      0 |   1 |    9.0 |
       Dungeon |      9 |      9 |      0 |      0 |      0 |   1 |    9.0 |
               +--------+--------+--------+--------+--------+-----+--------+

Top non-repeatable levels by time:
       D: 9 daAuts
